 Dungeon Crawl Stone Soup version 0.26-a0-259-g1effd001a9 (webtiles) character file.

Game seed: 2791754850097260476

1756389 bmfx the Wrestler (level 25, 252/252 HPs)
             Began as a Troll Hedge Wizard on July 15, 2020.
             Was the Champion of Ru.
             Escaped with the Orb
             ... and 3 runes!
             The game lasted 02:50:14 (67513 turns).

bmfx the Wrestler (Troll Hedge Wizard)             Turns: 67513, Time: 02:50:15

Health: 252/252    AC: 41    Str: 30    XL:     25
Magic:  22/22      EV: 10    Int: 12    God:    Ru [******]
Gold:   923        SH: 23    Dex: 16    Spells: 27/27 levels left

rFire    + . .     SeeInvis .     - Unarmed
rCold    + . .     Faith    .   K - +0 tower shield
rNeg     . . .     Spirit   .   Q - +7 gold dragon scales
rPois    +         Reflect  .   M - +2 hat of Akuoqes {+Fly rPois Str-3 Slay+5}
rElec    +         Harm     .   i - +2 cloak {Stlth+}
rCorr    .                      (gloves unavailable)
MR       ++...                  (boots unavailable)
Stlth    ..........             N - amulet "Nychuuno" {Acrobat rElec Str+3 Stlth+}
HPRegen  0.92/turn              V - +4 ring of slaying
MPRegen  0.18/turn              F - ring of Trepidation {rPois MR+ Str+4}

@: lightly drained
A: large, unfitting armour, claws 3, fangs 1, horns 2, molten scales 1, clever
1, deterioration 1, fast metabolism 1, low mp 1, mutation resistance 1,
regeneration 1, shaggy fur 2, tough skin 3, hated by all, no charms magic, no
poison magic, no translocations magic, unskilled 1, inexperienced 1
0: Orb of Zot
}: 3/15 runes: decaying, silver, gossamer
a: Draw Out Power, Power Leap, Apocalypse, Renounce Religion, Evoke Flight


You escaped.
You worshipped Ru.
Ru was exalted by your worship.
You were very full.

You visited 10 branches of the dungeon, and saw 50 of its levels.
You visited the Abyss 2 times.
You also visited: Ice Cave and Volcano.

You collected 8106 gold pieces.
You spent 7183 gold pieces at shops.


Innate Abilities, Weirdness & Mutations

You are too large for most types of armour.
You have claws for hands.
You have a fast metabolism.
Your magical capacity is low. (-10% MP)
Your natural rate of healing is unusually fast.
You are covered in thick fur. (AC +2)
You have extremely tough skin. (AC +3)
You are hated by all.
You cannot study or cast Charms magic.
You cannot study or cast Poison magic.
You cannot study or cast Translocations magic.
You are somewhat unskilled. (-1 Apt)
You are somewhat inexperienced. (-2 XL)
You have very sharp teeth.
You have a pair of horns on your head.
You are partially covered in molten scales. (AC +2)
Your mind is acute. (Int +2)
Your body sometimes deteriorates upon taking damage.
You are somewhat resistant to further mutation.

Dungeon Overview and Level Annotations

Branches:
Dungeon (15/15)            Temple (1/1) D:7            Lair (6/6) D:8
  Swamp (4/4) Lair:3       Spider (4/4) Lair:3        Slime (0/5) Lair:5
    Orc (2/2) D:9             Elf (3/3) Orc:2        Vaults (5/5) D:13
  Crypt (0/3) Vaults:2     Depths (5/5) D:15            Zot (5/5) Depths:5
  IceCv (visited)         Volcano (visited)

Altars:
Ashenzari
Dithmenos
Elyvilon
Fedhas
Gozag
Hepliaklqana
Kikubaaqudgha
Makhleb
Nemelex Xobeh
Okawaru
Qazlal
Ru
Sif Muna
Trog
Uskayaw
Vehumet
Xom
Yredelemnul
Zin
The Shining One

Shops:
D:8 *   D:11 *   D:12 (   Orc:2 (*[=   Elf:2 %*[=*   Vaults:1 }   Vaults:3 %
Vaults:4 *   Vaults:5 (   Depths:3 (   Depths:4 !*=?*

Portals:
Hell: Depths:1 Depths:2 Depths:3 Depths:4 Depths:5
Abyss: Depths:4 Depths:5
Pandemonium: Depths:2 Depths:3
Ziggurat: Depths:2
Bazaar: D:14

Annotations:
Elf:2 3 runed translucent doors


   Skills:
 - Level 15.0(14.8) Fighting
 - Level 15.8(15.6) Throwing
 - Level 18.0(17.8) Armour
 - Level 10.0(9.8) Dodging
 - Level 0.9(0.7) Stealth
 - Level 17.4(17.2) Shields
 + Level 23.6(23.4) Unarmed Combat
 - Level 1.7(1.6) Spellcasting
   Level 0.5(0.3) Conjurations
   Level 0.5(0.3) Summonings
 - Level 8.0(7.8) Evocations


You had 27 spell levels left.
You didn't know any spells.
Your spell library contained the following spells:

 Spells                   Type           Power        Failure   Level
 Magic Dart               Conj           #...         96%         1
 Foxfire                  Conj/Fire      #...         97%         1
 Shock                    Conj/Air       #...         97%         1
 Beastly Appendage        Tmut           #.....       98%         1
 Corona                   Hex            #......      98%         1
 Pain                     Necr           #...         98%         1
 Sandblast                Erth           #.....       98%         1
 Corpse Rot               Necr/Air       N/A          99%         2
 Passwall                 Tmut/Erth      #.......     99%         2
 Slow                     Hex            #.......     99%         2
 Sublimation of Blood     Necr           #.........   99%         2
 Confusing Touch          Hex            #.......     100%        3
 Conjure Flame            Conj/Fire      #.......     100%        3
 Static Discharge         Conj/Air       #.......     100%        3
 Stone Arrow              Conj/Erth      #.....       100%        3
 Vampiric Draining        Necr           #.........   100%        3
 Airstrike                Air            #.........   100%        4
 Cause Fear               Hex            #.........   100%        4
 Dispel Undead            Necr           #.......     100%        4
 Ice Form                 Ice/Tmut       #.......     100%        4
 Petrify                  Tmut/Erth      #.......     100%        4
 Agony                    Necr           #.......     100%        5
 Blade Hands              Tmut           #.........   100%        5
 Bolt of Magma            Conj/Fire/Erth #.........   100%        5
 Fireball                 Conj/Fire      #.........   100%        5
 Irradiate                Conj/Tmut      #.........   100%        5
 Lee's Rapid Deconstruct  Erth           #.........   100%        5
 Lightning Bolt           Conj/Air       #.........   100%        5
 Metabolic Englaciation   Hex/Ice        #.........   100%        5
 Silence                  Hex/Air        #.........   100%        5
 Yara's Violent Unravell  Hex/Tmut       #.........   100%        5
 Conjure Ball Lightning   Conj/Air       #.........   100%        6
 Darkness                 Hex            #.........   100%        6
 Freezing Cloud           Conj/Ice/Air   #.........   100%        6
 Hydra Form               Tmut           #.........   100%        6
 Invisibility             Hex            #.......     100%        6
 Iron Shot                Conj/Erth      #.........   100%        6
 Ozocubu's Refrigeration  Ice            #.........   100%        6
 Starburst                Conj/Fire      #.........   100%        6
 Statue Form              Tmut/Erth      #........    100%        6
 Dragon Form              Tmut           #.........   100%        7
 Orb of Destruction       Conj           #.........   100%        7
 Borgnjor's Revivificati  Necr           #.........   100%        8
 Discord                  Hex            #.........   100%        8
 Ignition                 Fire           #.........   100%        8
 Necromutation            Tmut/Necr      #.........   100%        8
 Shatter                  Erth           #.........   100%        9
 Tornado                  Air            #.........   100%        9
 Summon Butterflies       Summ           Unusable     N/A         1
 Summon Small Mammal      Summ           Unusable     N/A         1
 Animate Skeleton         Necr           Unusable     N/A         1
 Apportation              Tloc           Unusable     N/A         1
 Infusion                 Chrm           Unusable     N/A         1
 Blink                    Tloc           Unusable     N/A         2
 Call Imp                 Summ           Unusable     N/A         2
 Shroud of Golubria       Chrm/Tloc      Unusable     N/A         2
 Sticks to Snakes         Tmut           Unusable     N/A         2
 Swiftness                Chrm/Air       Unusable     N/A         2
 Call Canine Familiar     Summ           Unusable     N/A         3
 Gell's Gravitas          Tloc           Unusable     N/A         3
 Ignite Poison            Fire/Tmut/Pois Unusable     N/A         3
 Lesser Beckoning         Tloc           Unusable     N/A         3
 Mephitic Cloud           Conj/Pois/Air  Unusable     N/A         3
 Spider Form              Tmut/Pois      Unusable     N/A         3
 Teleport Other           Tloc           Unusable     N/A         3
 Tukima's Dance           Hex            Unusable     N/A         3
 Animate Dead             Necr           Unusable     N/A         4
 Passage of Golubria      Tloc           Unusable     N/A         4
 Summon Ice Beast         Ice/Summ       Unusable     N/A         4
 Summon Lightning Spire   Summ/Air       Unusable     N/A         4
 Alistair's Intoxication  Tmut/Pois      Unusable     N/A         5
 Excruciating Wounds      Chrm/Necr      Unusable     N/A         5
 Iskenderun's Battlesphe  Conj/Chrm      Unusable     N/A         5
 Summon Forest            Summ/Tloc      Unusable     N/A         5
 Summon Mana Viper        Hex/Summ       Unusable     N/A         5
 Death Channel            Necr           Unusable     N/A         6
 Eringya's Noxious Bog    Tmut/Pois      Unusable     N/A         6
 Simulacrum               Ice/Necr       Unusable     N/A         6
 Haunt                    Necr/Summ      Unusable     N/A         7
 Ring of Flames           Chrm/Fire      Unusable     N/A         7
 Spellforged Servitor     Conj/Summ      Unusable     N/A         7
 Summon Hydra             Summ           Unusable     N/A         7
 Death's Door             Chrm/Necr      Unusable     N/A         8
 Infestation              Necr           Unusable     N/A         8
 Dragon's Call            Summ           Unusable     N/A         9

Action                   |  1- 3 |  4- 6 |  7- 9 | 10-12 | 13-15 | 16-18 | 19-21 | 22-24 | 25-27 || total
-------------------------+-------+-------+-------+-------+-------+-------+-------+-------+-------++-------
Melee: Unarmed           |   158 |    86 |   310 |   588 |  1593 |  1132 |   623 |  1253 |   923 ||  6666
       Punch             |       |     1 |     7 |    44 |       |       |       |       |       ||    52
       Headbutt          |       |       |       |       |       |       |       |       |    46 ||    46
       Bite              |       |       |       |       |       |       |       |       |    31 ||    31
Throw: Dart              |       |    18 |    21 |   229 |   219 |   149 |       |       |       ||   636
       Boomerang         |       |       |    25 |       |   165 |   124 |   292 |   137 |       ||   743
       Stone             |       |       |       |    15 |       |       |       |       |       ||    15
       Javelin           |       |       |       |     7 |       |       |       |       |     5 ||    12
       Large rock        |       |       |       |     4 |   152 |    81 |    34 |   314 |   512 ||  1097
Invok: Sacrifice Love    |       |       |     1 |       |       |       |       |       |       ||     1
       Reject Sacrifices |       |       |       |     2 |       |       |       |       |       ||     2
       Sacrifice Experie |       |       |       |     1 |       |       |       |       |       ||     1
       Apocalypse        |       |       |       |       |     8 |     9 |     4 |    10 |     6 ||    37
       Sacrifice Essence |       |       |       |       |     1 |       |       |       |       ||     1
       Sacrifice Arcana  |       |       |       |       |     1 |       |       |       |       ||     1
       Sacrifice Skill   |       |       |       |       |     1 |       |       |       |       ||     1
       Draw Out Power    |       |       |       |       |       |       |     1 |     7 |     2 ||    10
Evoke: Wand              |       |     4 |    12 |    21 |    40 |    12 |     3 |     9 |     6 ||   107
       Tin of tremorston |       |       |       |       |       |     3 |    15 |    26 |    18 ||    62
       Lightning rod     |       |       |       |       |       |       |     6 |    24 |     4 ||    34
  Use: Scroll            |       |    14 |     4 |    16 |    14 |     2 |     4 |     8 |    10 ||    72
       Potion            |       |       |     2 |     3 |     9 |     3 |     2 |     7 |    21 ||    47
 Stab: Sleeping          |       |     2 |     1 |     1 |     1 |     2 |     2 |       |       ||     9
       Confused          |       |       |       |     3 |       |       |       |       |       ||     3
       Distracted        |       |       |       |     1 |     7 |     5 |     2 |     7 |     4 ||    26
       Paralysed         |       |       |       |       |    22 |    14 |     6 |     7 |    16 ||    65
       Invisible         |       |       |       |       |     3 |    11 |     8 |    12 |     8 ||    42
       Held in net/web   |       |       |       |       |     2 |       |       |       |       ||     2
  Eat: Ration            |     1 |     2 |     5 |     7 |    17 |    12 |     9 |    13 |    13 ||    79
Armor: Robe              |    55 |    17 |    83 |   102 |       |       |    33 |       |       ||   290
       Skin              |       |       |       |    16 |    15 |       |       |       |       ||    31
       Acid dragon scale |       |       |       |    23 |   288 |    72 |       |       |       ||   383
       Swamp dragon scal |       |       |       |       |       |   262 |    40 |    96 |       ||   398
       Quicksilver drago |       |       |       |       |       |       |       |    44 |       ||    44
       Gold dragon scale |       |       |       |       |       |       |       |    69 |   259 ||   328
       Storm dragon scal |       |       |       |       |       |       |       |    17 |       ||    17
Dodge: Dodged            |    93 |    31 |   111 |   169 |   483 |   326 |   119 |   193 |   143 ||  1668
Block: Other             |       |     9 |    68 |    83 |       |       |       |       |       ||   160
       Reflection        |       |       |     6 |     4 |    55 |    24 |    18 |    82 |       ||   189
       Kite shield       |       |       |       |    23 |   934 |   388 |       |       |       ||  1345
       Tower shield      |       |       |       |       |       |   328 |   342 |   828 |   508 ||  2006

Skill      XL: |  1  2  3  4  5  6  7  8  9 10 11 12 13 14 15 16 17 18 19 20 21 22 23 24 25 |
---------------+----------------------------------------------------------------------------+-----
Unarmed Combat | 1 2 3 4 5 6 8 10 13 15 17 16 18 20 23 | 23.6
Evocations     | 1 3 5 4 6 8 |  8.0
Throwing       | 4 6 9 10 15 | 15.8
Fighting       | 1 4 7 5 10 12 14 15 | 15.0
Dodging        | 6 10 9 10 | 10.0
Shields        | 2 8 9 11 13 14 15 17 | 17.4
Stealth        | 0 |  0.9
Spellcasting   | 1 |  1.7
Armour         | 4 8 9 10 12 15 18 | 18.0
Conjurations   | |  0.5
Summonings     | |  0.5

Inventory:

Missiles
 c - 4 silver javelins
 p - 21 javelins
 u - 49 boomerangs
 y - 13 curare-tipped darts
 A - 50 large rocks (quivered)
 I - 3 throwing nets {!f}
Armour
 i - a +2 cloak of stealth (worn)
 K - a +0 tower shield (worn)
 M - the +2 hat of Akuoqes (worn) {+Fly rPois Str-3 Slay+5}
   (You acquired it on level 3 of the Lair of Beasts)

   It affects your strength (-3).
   It affects your accuracy and damage with ranged weapons and melee attacks
   (+5).
   It protects you from poison.
   It lets you fly.
 Q - +7 gold dragon scales (worn)
Jewellery
 a - an uncursed ring of protection from cold
 o - an uncursed ring of positive energy
 q - an uncursed ring of flight
 x - an uncursed ring of resist corrosion
 E - an uncursed ring of protection from fire
 F - the ring of Trepidation (right claw) {rPois MR+ Str+4}
   (You bought it in a shop on level 2 of the Elven Halls)

   [ring of poison resistance]

   It affects your strength (+4).
   It protects you from poison.
   It affects your resistance to hostile enchantments.
 L - an uncursed ring of see invisible
 N - the amulet "Nychuuno" (around neck) {Acrobat rElec Str+3 Stlth+}
   (You found it on level 3 of the Spider Nest)

   [amulet of the acrobat]

   It helps you evade while moving and waiting.
   It affects your strength (+3).
   It insulates you from electricity.
   It makes you more stealthy.
 V - a +4 ring of slaying (left claw)
Wands
 j - a wand of polymorph (55)
 v - a wand of acid (6)
 B - a wand of iceblast (36)
 D - a wand of digging (17)
 G - a wand of clouds (6)
 H - a wand of disintegration (17)
 Z - a wand of paralysis (19)
Scrolls
 b - 21 scrolls of identify {@r3}
 h - 28 scrolls of remove curse {@r4}
 r - a scroll of enchant armour
 t - 21 scrolls of teleportation {@r1}
 C - 7 scrolls of fog
 S - 5 scrolls of vulnerability
 T - 2 scrolls of blinking {@r2}
 U - 4 scrolls of silence
 Y - 4 scrolls of fear
Potions
 e - 8 potions of ambrosia
 g - 10 potions of heal wounds {@q1}
 k - 3 potions of cancellation
 l - 8 potions of flight
 n - 4 potions of might
 w - 12 potions of curing {@q2}
 z - a potion of magic
 J - 5 potions of mutation
 O - a potion of haste {@q4}
 R - 2 potions of berserk rage
 X - 3 potions of invisibility
Miscellaneous
 f - a phial of floods
 m - a lightning rod (4/4)
 s - a tin of tremorstones (3/3)
Comestibles
 d - 158 rations

......##.......## ##.# #^
#######..##.#...## #.# #.
##...#..##...## #.# #.
##..#.#..###...## #.## #.
##..##....# ##...# #..# #.
##.)###.##.# ##..# ##.## #.
##..## #.##.####...# #..# #.
...## #......#....# ##.# #. ..##
#.####.#.@.## #.# #. ...##
#......#....# #.###. ##..##
#..#.####...# #..##.
###..###.##.# ##..# ##.##. #
##..##..#.# ##..###########..#. #
##..#.#..###...#..............
######...#).##...##.##########...
.....##..##.#...###.#............
####.###.......## #.#.#########..


There were no monsters in sight!

Vanquished Creatures
  A seraph (D:4)
  A pandemonium lord (Depths:5)
  6 orbs of fire (Zot:5)
  Mara (Spider:3)
  4 ancient liches (Zot:5)
  A juggernaut (Depths:5)
  4 Killer Klowns (Zot:5)
  A curse toe (Zot:2)
  the Lernaean hydra (Swamp:4)
  A caustic shrike (Depths:3)
  Nikola (Vaults:1)
  A bone dragon (Depths:5)
  15 golden dragons
  3 electric golems (Zot:5)
  A Tzitzimitl (D:11)
  8 liches
  Jorgrun (D:14)
  14 tentacled monstrosities
  26 Orb Guardians
  8 titans
  2 deep elf blademasters (Elf:3)
  3 deep elf master archers (Elf:3)
  7 quicksilver dragons
  An acid blob (shapeshifter) (Vaults:5)
  5 death cobs
  A tentacled starspawn (Abyss:4)
  11 sphinxes
  Gastronok (Lair:1)
  9 storm dragons
  Donald (Swamp:4)
  Agnes (D:15)
  4 thorn hunters
  12 tengu reavers
  A daeva (D:4)
  14 shadow dragons
  7 draconian monks
  10 fire giants
  5 draconian scorchers
  2 iron dragons
  13 deep elf sorcerers
  3 ghost moths (Spider:4)
  An emperor scorpion (shapeshifter) (Vaults:3)
  10 frost giants
  2 orc warlords
  2 draconian knights
  11 vault wardens
  Aizul (Vaults:1)
  5 emperor scorpions
  An angel (D:4)
  7 draconian shifters
  A curse skull (Depths:1)
  A juggernaut zombie (Depths:1)
  5 deep elf elementalists
  4 war gargoyles
  3 draconian annihilators
  24 very ugly things
  A cacodemon (Depths:2)
  A caustic shrike skeleton (Depths:1)
  3 draconian stormcallers
  14 ironheart preservers
  19 stone giants
  4 entropy weavers
  4 spriggan defenders
  6 black draconians
  A black sun (D:4)
  12 deep elf annihilators
  4 vampire knights
  11 white draconians
  12 green draconians
  6 deep elf demonologists
  9 yellow draconians
  13 purple draconians
  Azrael (D:13)
  A spark wasp (shapeshifter) (Vaults:5)
  8 spark wasps
  6 red draconians
  A blizzard demon (Depths:1)
  5 deep elf death magi
  10 ettins
  14 fire dragons
  6 deep elf high priests
  4 great orbs of eyes
  Fannar (Lair:2)
  3 monstrous demonspawn
  15 yaktaur captains
  A quicksilver dragon skeleton (Depths:1)
  23 hydras
  4 rakshasas
  2 hell beasts
  A great orb of eyes (shapeshifter) (Depths:5)
  5 ice dragons
  A juggernaut simulacrum (Depths:3)
  28 vault guards
  13 centaur warriors
  3 ghost crabs
  A shambling mangrove (Swamp:3)
  2 catoblepae
  2 spriggan air magi
  18 dancing weapons
  2 death knights
  14 ogre magi
  11 alligators
  50 two-headed ogres
  6 deep troll earth magi
  3 deep troll shamans
  A vampire mage (Depths:2)
  3 death yaks
  Urug (Lair:5)
  5 orc high priests
  3 hell hogs (Abyss:4)
  4 soul eaters
  4 thrashing horrors (Abyss:4)
  7 spriggan berserkers
  6 tengu warriors
  9 hell knights
  A titan zombie (Depths:4)
  5 sun demons
  A storm dragon zombie (Abyss:4)
  A fire crab (Abyss:4)
  22 deep elf knights
  2 iron trolls (Depths:3)
  4 flayed ghosts
  4 wretched stars (Abyss:4)
  A spatial maelstrom (Abyss:4)
  16 skeletal warriors (Depths:1)
  A cherub (D:4)
  A spriggan druid (Swamp:2)
  12 deep trolls
  An infernal demonspawn (D:14)
  2 torturous demonspawn
  5 glowing orange brains
  A gelid demonspawn (Zot:1)
  3 unseen horrors
  5 wizards
  2 golden dragon skeletons (Depths:1)
  16 swamp dragons
  19 deep elf archers
  8 harpies
  A wolf spider (shapeshifter) (Vaults:5)
  3 phantasmal warriors
  11 necromancers
  A shadow dragon zombie (Depths:4)
  5 ironbrand convokers
  10 orc knights
  An iron dragon zombie (Depths:4)
  69 deep elf magi
  An orb spider (shapeshifter) (Vaults:4)
  18 orb spiders
  2 fire giant zombies (Depths:4)
  A human zombie (Vaults:1)
  9 orc sorcerers
  A shadow dragon skeleton (Depths:4)
  6 manticores (Elf:3)
  The ghost of sanka the Frost Mage, a novice BaIE (D:6)
  11 wolf spider zombies (Spider:3)
  27 wolf spiders
  11 cyclopes
  2 shining eyes (shapeshifter)
  55 ugly things
  A sphinx skeleton (Depths:1)
  A stone giant zombie (Vaults:4)
  34 moths of wrath
  An elephant (shapeshifter) (Depths:4)
  3 centaur zombies
  A stone giant skeleton (Depths:1)
  10 elephants
  A frost giant skeleton (Vaults:4)
  A black mamba (shapeshifter) (Depths:1)
  A naga mage (D:15)
  2 rust devils
  12 vault sentinels
  5 fire giant skeletons
  2 torpor snails
  2 toenail golems (Volcano)
  An orange demon (Abyss:4)
  2 gargoyles
  2 iron dragon skeletons
  A torpor snail (shapeshifter) (Vaults:5)
  2 hellions
  14 cane toads
  2 smoke demons (Abyss:4)
  7 komodo dragons
  10 redback zombies (Spider:3)
  2 rime drakes (shapeshifter)
  A rime drake (Lair:6)
  A kobold demonologist (D:15)
  39 yaktaurs
  3 human skeletons
  A hellwing (Depths:1)
  3 efreet
  6 freezing wraiths (Vaults:4)
  A spriggan zombie (Depths:1)
  A yaktaur (shapeshifter) (Depths:1)
  13 demonic crawlers
  2 tengu conjurers
  2 yaktaur skeletons (Depths:1)
  4 ice devils (Depths:1)
  A queen bee (D:11)
  2 red devils
  31 jumping spiders
  11 tyrant leeches
  9 polar bears (Lair:6)
  10 trolls
  7 tarantella zombies (Spider:3)
  3 meliai (D:14)
  17 hornets
  2 raiju (shapeshifter)
  6 bog bodies
  33 slime creatures
  14 blink frogs
  4 raiju (Lair:6)
  9 dream sheep
  11 hippogriffs
  2 meliai zombies
  A frost giant simulacrum (Depths:4)
  19 flying skulls
  4 air elementals
  A human simulacrum (Vaults:4)
  3 ettin skeletons (Depths:1)
  A hippogriff (shapeshifter) (Elf:2)
  A stone giant simulacrum (Depths:1)
  An ice dragon zombie (Depths:1)
  38 tarantellas
  6 starcursed masses (Abyss:4)
  2 wyverns (shapeshifter)
  3 deep troll skeletons (Depths:1)
  2 ynoxinuls (Abyss:4)
  82 redbacks
  6 spriggans
  A spriggan (shapeshifter) (Vaults:3)
  3 shadows
  3 small abominations
  6 wraiths
  An ice dragon skeleton (Depths:1)
  4 wyverns
  9 fire elementals
  3 fire bats
  4 large abominations
  2 golden eyes (Abyss:4)
  5 basilisks
  6 hogs (Swamp:3)
  Grum (D:8)
  4 water elementals
  21 vampire mosquitoes
  A chaos spawn (Abyss:4)
  52 yaks
  2 neqoxecs (Abyss:4)
  6 spatial vortices (Abyss:4)
  15 wargs
  15 swamp worms
  9 insubstantial wisps
  A soldier ant (D:13)
  2 acid dragons
  33 hell hounds
  3 tengu skeletons (Depths:1)
  4 porcupines
  2 floating eyes (shapeshifter)
  12 water moccasins
  2 phantoms
  48 orc warriors
  2 elf skeletons
  An ettin simulacrum (Abyss:4)
  6 sky beasts
  11 ice beasts
  15 swamp drakes
  An eye of draining (shapeshifter) (Vaults:3)
  A cane toad skeleton (Abyss:4)
  3 necrophages
  A hornet zombie (D:15)
  14 black bears
  A snapping turtle skeleton (Abyss:4)
  3 eyes of draining
  49 ogres
  10 boggarts
  23 centaurs
  A tengu (shapeshifter) (Depths:5)
  21 wolves
  A swamp dragon skeleton (Abyss:4)
  An elf simulacrum (Depths:1)
  11 crocodiles
  8 big kobolds
  Blork the orc (D:5)
  4 earth elementals
  13 bullfrogs
  2 wyvern zombies
  3 glowing shapeshifter simulacra
  A wyvern skeleton (D:12)
  6 scorpions
  27 killer bees
  8 spriggan skeletons
  6 wights (D:6)
  A troll skeleton (D:13)
  3 electric eels
  9 howler monkeys
  A lava snake (D:11)
  15 crimson imps
  2 quasits
  A bullfrog zombie (D:6)
  7 jellies
  20 orc priests
  5 centaur skeletons
  4 hounds
  24 orc wizards
  3 bullfrog skeletons
  An iron imp (Depths:2)
  Natasha (thrice) (D:2)
  7 worker ants
  A hound skeleton (D:8)
  A worker ant zombie (D:9)
  18 adders
  3 gnolls (D:8)
  A river rat (shapeshifter) (Vaults:1)
  2 shadow imps
  24 white imps
  5 ufetubi
  4 oozes
  An adder skeleton (D:5)
  2 worms (D:3)
  8 leopard geckos
  121 orcs
  6 bats
  6 giant cockroaches
  7 goblins
  9 hobgoblins
  14 jackals
  32 kobolds
  5 quokkas
  2 frilled lizards (D:3)
  A quokka skeleton (D:5)
  5 rats
  4 briar patches (Swamp:1)
  A crawling corpse (Vaults:5)
  2 fungi (Orc:2)
  A plant (D:2)
2563 creatures vanquished.

Vanquished Creatures (collateral kills)
  A killer bee (D:11)
1 creature vanquished.

Vanquished Creatures (others)
  A titan (Depths:4)
  A sphinx (Vaults:4)
  A tentacled starspawn (Abyss:4)
  A deep elf sorcerer (Elf:3)
  An iron dragon (Vaults:5)
  2 draconian knights
  2 very ugly things
  A yellow draconian (Depths:5)
  3 ettins
  A hydra (Swamp:3)
  A two-headed ogre (Vaults:5)
  An ogre mage (Depths:3)
  A tengu warrior (Depths:3)
  2 spriggan berserkers (Depths:5)
  A deep elf knight (Elf:2)
  A hell knight (Vaults:5)
  2 spriggan druids (Swamp:4)
  2 deep elf archers
  2 wolf spiders
  An orc knight (Vaults:3)
  2 deep elf magi
  2 manticores (Elf:3)
  2 ugly things (D:14)
  A centaur skeleton (D:13)
  A yaktaur (Vaults:3)
  A demonic crawler (Spider:1)
  A large abomination (Abyss:4)
  A hornet (Spider:4)
  A slime creature (Swamp:2)
  A flying skull (Abyss:4)
  2 redbacks
  A yak (D:11)
  2 hogs (Swamp:3)
  A vampire mosquito (Swamp:1)
  A swamp worm (Swamp:4)
  2 ogres
  A crocodile (Lair:6)
  A bullfrog zombie (D:13)
  An ogre zombie (Abyss:4)
  5 orcs
  A briar patch (Swamp:1)
  A crawling corpse (Vaults:5)
  13 fungi
  31 plants
  6 starspawn tentacles (Abyss:4)
110 creatures vanquished.

Grand Total: 2674 creatures vanquished

Levels and vault maps discovered:
D:1:      dpeg_chamrin_arrival_tetris, layout_basic,
          hangedman_decor_clover_reticule
D:2:      layout_basic, minmay_misc_feat_x, amethyst_killhole,
          serial_bayou_pond_a, uniq_natasha
D:3:      layout_loops_cross, lemuel_crystal_altar, lemuel_crystal_altar
D:4:      layout_loops_corners, serial_rivers, chequers_serial_rivers_micro_a,
          chequers_serial_rivers_room_b, chequers_serial_rivers_large_a,
          chequers_serial_rivers_small_3
D:5:      layout_basic, first_ration, minmay_quadrilaterals, uniq_blork_the_orc
D:6:      cheibrodos_barr_body, layout_basic, lightli_temple_of_fire,
          gammafunk_ghost_smash
D:7:      layout_rooms, temple_hall_moat
D:8:      layout_rooms, lemuel_crystal_altar, dpeg_lair_monsters, serial_shops,
          shop, special_room [special_room_orc], hangedman_ranch
          [blue_anna_fruit_fields]
D:9:      layout_cross, erik_orc_4, hangedman_abyss_or_decor_stabs, uniq_grum
D:10:     layout_long_grid, eino_small_chamber_without_monster
D:11:     giant_chief_lemuel, layout_cave_pods, serial_shops, shop,
          portal_ice_cave_entry_imps, special_room [special_room_bee]
D:12:     layout_gridville, serial_shops, shop, lemuel_flamethrower_3
D:13:     kennysheep_blocky_room, layout_cave_pools, david_vaults_5,
          basic_altar, hangedman_tell_no_tales, uniq_azrael
D:14:     layout_irregular_city, serial_shops, statue_bzr,
          kennysheep_inner_square, uniq_jorgrun
D:15:     grunt_enter_depths_magical_seal, layout_small_grid, hex_tiny,
          basic_altar, fedhas_altar_fruit_tree, uniq_agnes
Temple:   dpeg_five_rooms_temple
Lair:1:   layout_roguey, basic_altar, enter_volcano_3, uniq_gastronok
Lair:2:   layout_regular_city, cheibrodos_lair_caveside_slide, minivault_19,
          lemuel_fruit_tree, serial_bayou_shore_a, uniq_fannar
Lair:3:   layout_regular_city, nicolae_swamp_entry_splash_gauntlet,
          dummy_spider_entry
Lair:4:   layout_big_grid, serial_bayou_crossing, grunt_megastairs_1,
          infiniplex_staircase_pool
Lair:5:   layout_loops_ring, nicolae_slime_entry_slimehenge,
          bobbens_ice_dragon_lair, uniq_urug, uniq_nessos
Lair:6:   wormcave, layout_loops_ring, hangedman_lair_caniforms_friends,
          special_room [special_room_jelly], patterned_corridor
Swamp:1:  gammafunk_the_bubble [the_bubble_gammafunk_plus_minus],
          layout_basic_swamp, basic_altar
Swamp:2:  layout_basic_swamp, evilmike_swamp_ruin_house_1
Swamp:3:  layout_basic_swamp, evilmike_swamp_ruin_house_4, swamp_pool2,
          lemuel_altar_in_water, uniq_kirke
Swamp:4:  swamp_old_school, layout_basic_swamp, uniq_donald
Spider:1: layout_spider_delve
Spider:2: layout_spider_delve
Spider:3: lemuel_spider_zombies, nicolae_spider_cling_ruins, uniq_mara
Spider:4: grunt_spider_rune_parallel, nicolae_spider_circle_web
Orc:1:    layout_diamond_mine
Orc:2:    grunt_orc_gardens, layout_diamond_mine, grunt_orc_garden,
          grunt_orc_garden, grunt_orc_garden, grunt_orc_garden
Elf:1:    layout_geoelf_diagonals, minivault_28
Elf:2:    layout_geoelf_diagonals, serial_shops, nicolae_shop_window_shopping,
          shop, shop, shop, nicolae_alphabet_shops
Elf:3:    nooodl_elf_gasket, layout_loops_corners, special_room
          [special_room_mythical_zoo], palyth_stone_intersect
Vaults:1: grunt_vaults_focal, nicolae_vaults_yaktaur_gun_rack, st_lines,
          vaults_room_stairs_pillars, nicolae_vaults_little_squares_4,
          grunt_vaults_twisty, v_misc_19, layout_vaults_quadrants, serial_shops,
          shop, uniq_nikola, uniq_aizul
Vaults:2: vaults_room_corners, nicolae_vaults_ring_of_whatevers,
          ontoclasm_vaults_fault, vaults_dpeg_diagonal,
          minmay_crypt_entry_necro_gods, v_misc_15, nicolae_vaults_angled_halls,
          v_misc_31, vaults_room_door_hall, v_pattern_2, vaults_room_fours,
          nicolae_vaults_gold_heap, vaults_room_grid, layout_vaults_omnicross
Vaults:3: v_misc_28, vaults_room_fours, ontoclasm_vaults_hangar,
          vaults_room_pools, ontoclasm_vaults_misaligned, v_misc_4,
          nicolae_vaults_triangles, vaults_dpeg_cross, vaults_room_pool,
          nicolae_vaults_shelves_hall, layout_vaults_chaotic_city, serial_shops,
          shop
Vaults:4: v_rooms_3, v_pattern_3, vaults_room_semicircle, v_misc_5,
          nicolae_vaults_little_squares_3, vaults_room_hallway,
          ontoclasm_vaults_chip, ontoclasm_vaults_ring_small,
          ontoclasm_vaults_twist, vaults_mumra_chevron, kb_rosetta,
          hangedman_vaults_river_flow, nicolae_vaults_little_squares_2,
          vaults_mumra_lcd, nicolae_vaults_diagonal_hallway_6,
          vaults_dpeg_encased_lava, layout_vaults_ring, serial_shops,
          nicolae_shop_waterfront
Vaults:5: serial_shops
Depths:1: minmay_skeleton_keep, layout_honeycomb, hellmouth_3,
          serial_bayou_pond_c, minmay_fire_ice_demons
Depths:2: minmay_four_inscribed_fans, layout_cave_shapes, enter_ziggurat_a,
          hangedman_geh_valley, chequers_serial_rivers_micro_a,
          grunt_pan_entry_in_and_out
Depths:3: minmay_the_grid_octo_tiled_squarecenter_mashed
          [minmay_the_grid_octo_tetromino_candy, minmay_the_grid_octo_clover,
          minmay_the_grid_octo_horde, minmay_the_grid_octo_shrine,
          minmay_the_grid_square_5x5_megaprize_diamond,
          minmay_the_grid_square_5x5_seven,
          minmay_the_grid_square_5x5_two_small,
          minmay_the_grid_square_5x5_trominoes,
          minmay_the_grid_square_5x5_minimal], layout_small_grid,
          grunt_mini_vestibule, pan_entry, abandoned_shop, serial_shops,
          nicolae_shop_crystal, nicolae_twisting_strands
Depths:4: grunt_crosshair, layout_twisted_cross, serial_shops, shop,
          nicolae_shop_temple_entry_statues_fountains, shop, shop, shop,
          abyss_entry, pf_coc_iceberg, chequers_decorated_corner,
          chequers_serial_rivers_micro_e, serial_bayou_shore_b
Depths:5: grunt_zot_entry_alcove, layout_basic, hell_entry, tso_metal_star,
          abyss_entry_crystal
Zot:1:    layout_onion_interference, st_stairs_4, lemuel_baited_zot_trap,
          lemuel_flame_loot_1, grunt_megastairs_3
Zot:2:    layout_misc_corridors, st_stairs_12, st_small_dragon_hoard_3
Zot:3:    layout_gridlike, grunt_megastairs_4
Zot:4:    layout_onion_interference, st_stairs_1
Zot:5:    layout_misc_corridors


Message History

There is an open door here.
You eviscerate the large abomination!!!
You destroy the large abomination!
No target in view!
There is a stone staircase leading up here.
(D) Dungeon (T) Temple (L) Lair (S) Swamp (N) Spider Nest (M) Slime Pits (O) Orcish Mines (E) Elven Halls (V) Vaults (C) Crypt (U) Depths (H) Hell (Z) Zot
Where to? (Enter - D:1 @ (x,y), ? - help)
You climb upwards.
There is a stone staircase leading down here.
HP restored.
There is an open door here.
You see here a cursed -3 club.
You see here a club.
There is an open door here.
There is an open door here.
There is a staircase leading out of the dungeon here.
You have escaped!

Notes
Turn   | Place    | Note
-------+----------+-------------------------------------------
     0 | D:1      | bmfx the Troll Hedge Wizard began the quest for the Orb.
     0 | D:1      | Reached XP level 1. HP: 16/16 MP: 2/2
    27 | D:1      | Reached skill level 1 in Unarmed Combat
   281 | D:1      | Reached XP level 2. HP: 23/24 MP: 4/4
   389 | D:1      | Reached skill level 2 in Unarmed Combat
   865 | D:2      | Noticed an orc warrior
   953 | D:2      | Reached XP level 3. HP: 31/31 MP: 5/5
  1065 | D:2      | Reached skill level 3 in Unarmed Combat
  1454 | D:2      | Reached XP level 4. HP: 37/39 MP: 6/6
  1601 | D:2      | Noticed Natasha
  1685 | D:3      | Reached skill level 4 in Unarmed Combat
  1763 | D:3      | Reached XP level 5. HP: 40/45 MP: 7/7
  1770 | D:3      | Found an ancient bone altar of Kikubaaqudgha.
  1787 | D:3      | Reached skill level 5 in Unarmed Combat
  1813 | D:3      | Noticed an ogre
  1842 | D:3      | Found a bloodstained altar of Trog.
  2416 | D:4      | Noticed an ogre
  2493 | D:4      | Reached skill level 1 in Evocations
  2524 | D:4      | Reached XP level 6. HP: 53/53 MP: 8/8
  3214 | D:5      | Entered Level 5 of the Dungeon
  3314 | D:5      | Reached XP level 7. HP: 59/59 MP: 9/9
  3788 | D:5      | Noticed Blork the orc
  3791 | D:5      | Killed Blork the orc
  3791 | D:5      | Reached skill level 5 in Evocations
  4130 | D:6      | Reached skill level 6 in Unarmed Combat
  4155 | D:6      | Identified the cursed +3 great mace "Hoptaze" {protect,
                  | +Fly MR++}
  4156 | D:6      | Found a transporter.
  4156 | D:6      | Noticed sanka's ghost (novice BaIE)
  4193 | D:6      | Reached XP level 8. HP: 58/67 MP: 10/10
  4296 | D:6      | Found a transporter.
  4342 | D:6      | Reached skill level 1 in Throwing
  4483 | D:6      | Reached skill level 7 in Unarmed Combat
  4816 | D:6      | Found a burning altar of Makhleb.
  4901 | D:7      | Reached skill level 8 in Unarmed Combat
  4971 | D:7      | Reached skill level 1 in Fighting
  4971 | D:7      | Reached XP level 9. HP: 76/76 MP: 11/11
  5137 | D:7      | Found a staircase to the Ecumenical Temple.
  5141 | Temple   | Entered the Ecumenical Temple
  5251 | Temple   | Became a worshipper of Ru the Awakened
  5449 | D:7      | Reached skill level 9 in Unarmed Combat
  5910 | D:8      | Found a glowing silver altar of Zin.
  6075 | D:2      | Killed Natasha
  6124 | D:2      | Noticed Natasha
  6133 | D:2      | Killed Natasha
  6363 | D:2      | Noticed Natasha
  6367 | D:2      | Killed Natasha
  6575 | D:8      | Noticed a death yak
  6579 | D:8      | Noticed a death yak
  6582 | D:8      | Noticed a death yak
  6681 | D:8      | Reached skill level 10 in Unarmed Combat
  6784 | D:8      | Found Zoanlics's Assorted Antiques.
  6786 | D:8      | Found a staircase to the Lair.
  6799 | D:8      | Bought a glowing robe for 92 gold pieces
  6799 | D:8      | Bought a scroll of teleportation for 75 gold pieces
  6799 | D:8      | Bought a scroll of enchant armour for 187 gold pieces
  6868 | D:8      | Gained mutation: You are hated by all. [Ru sacrifice]
  6868 | D:8      | Reached * piety under Ru
  6916 | D:8      | Reached XP level 10. HP: 82/91 MP: 12/12
  7075 | D:8      | Killed a death yak
  7075 | D:8      | Reached skill level 11 in Unarmed Combat
  7305 | D:9      | Noticed Grum
  7355 | D:8      | Reached skill level 12 in Unarmed Combat
  7471 | D:8      | Killed Grum
  7595 | D:9      | Found a staircase to the Orcish Mines.
  7965 | D:9      | Reached skill level 13 in Unarmed Combat
  8124 | D:10     | Entered Level 10 of the Dungeon
  8330 | D:9      | Reached XP level 11. HP: 69/99 MP: 13/13
  8572 | D:10     | Noticed a two-headed ogre
  8577 | D:10     | Killed a two-headed ogre
  8675 | D:10     | Reached skill level 14 in Unarmed Combat
  9193 | D:11     | Found Qyseu's General Store.
  9205 | D:11     | Found a frozen archway.
  9260 | IceCv    | Entered an ice cave
  9260 | IceCv    | Noticed a white ugly thing
  9271 | IceCv    | Killed a white ugly thing
  9299 | IceCv    | Found a transporter.
  9304 | IceCv    | Reached skill level 15 in Unarmed Combat
  9921 | D:11     | Reached skill level 5 in Dodging
 10373 | D:11     | Reached XP level 12. HP: 101/106 MP: 14/14
 11113 | Lair:1   | Entered Level 1 of the Lair of Beasts
 11167 | Lair:1   | Noticed Gastronok
 11178 | Lair:1   | Noticed a four-headed hydra
 11293 | Lair:1   | Found a dark tunnel.
 11312 | Volcano  | Entered a volcano
 11355 | Volcano  | Paralysed by a wizard for 6 turns
 11465 | Lair:1   | Found an opulent altar of Gozag.
 11692 | Lair:1   | Killed a four-headed hydra
 11782 | Lair:1   | Killed Gastronok
 12124 | Lair:2   | Reached skill level 10 in Dodging
 12238 | Lair:2   | Noticed Fannar
 12258 | Lair:2   | Killed Fannar
 13028 | Lair:3   | Reached skill level 1 in Shields
 13128 | Lair:3   | i already regret going with ru
 13367 | Lair:3   | Found a hole to the Spider Nest.
 13377 | Lair:3   | Identified a scroll of acquirement
 13378 | Lair:3   | Acquired the +2 hat of Akuoqes {+Fly rPois Str-3 Slay+5}
 13509 | Lair:3   | Reached XP level 13. HP: 114/114 MP: 15/15
 13780 | Lair:3   | Found a staircase to the Swamp.
 14220 | Lair:4   | Reached skill level 5 in Shields
 14732 | Lair:5   | Noticed Urug
 14743 | Lair:5   | Killed Urug
 15011 | Lair:5   | Found a staircase to the Slime Pits.
 15326 | Lair:5   | Noticed Nessos
 15327 | Lair:5   | Noticed Nessos
 15327 | Lair:5   | Nessos changed into Nessos the elephant
 15339 | Lair:5   | Killed Nessos the elephant
 15634 | Lair:6   | Entered Level 6 of the Lair of Beasts
 15854 | Lair:6   | Reached skill level 5 in Throwing
 16648 | Lair:6   | Reached XP level 14. HP: 123/123 MP: 16/16
 17265 | Lair:6   | Noticed an azure jelly
 18315 | D:12     | Found Gagrog's Weapon Boutique.
 18435 | D:12     | Gained mutation: You cannot study or cast Poison magic. [Ru
                  | sacrifice]
 18435 | D:12     | Gained mutation: You cannot study or cast Charms magic. [Ru
                  | sacrifice]
 18435 | D:12     | Gained mutation: You cannot study or cast Translocations
                  | magic. [Ru sacrifice]
 18435 | D:12     | Reached ** piety under Ru
 18966 | D:13     | Reached skill level 10 in Throwing
 19195 | D:13     | Noticed Azrael
 19224 | D:13     | Acquired 7 rations
 19225 | D:13     | Found a gate to the Vaults.
 19273 | D:13     | Killed Azrael
 19415 | D:13     | Reached skill level 5 in Fighting
 19615 | D:13     | Found a glowing silver altar of Zin.
 20072 | D:14     | Reached skill level 16 in Unarmed Combat
 20225 | D:14     | Gained mutation: You are somewhat inexperienced. (-2 XL)
                  | [Ru sacrifice]
 20225 | D:14     | Reached XP level 13. HP: 118/119 MP: 15/15
 20225 | D:14     | Reached XP level 12. HP: 111/111 MP: 14/14
 20225 | D:14     | Reached *** piety under Ru
 20225 | D:14     | Reached **** piety under Ru
 20225 | D:14     | Reached ***** piety under Ru
 20230 | D:14     | Killed a centaur warrior
 20230 | D:14     | Reached XP level 13. HP: 119/119 MP: 15/15
 20376 | D:14     | Found a gateway to a bazaar.
 20512 | D:14     | Noticed Jorgrun
 20694 | D:14     | Killed Jorgrun
 21215 | D:15     | Entered Level 15 of the Dungeon
 21643 | D:15     | Noticed Agnes
 21650 | D:15     | Killed Agnes
 21746 | D:15     | Found a blossoming altar of Fedhas.
 21988 | D:15     | Found a hazy altar of Hepliaklqana.
 22127 | D:15     | Found a staircase to the Depths.
 22299 | Orc:1    | Entered Level 1 of the Orcish Mines
 22303 | Orc:1    | Reached skill level 17 in Unarmed Combat
 22371 | Orc:1    | Noticed an orc warlord
 22383 | Orc:1    | Killed an orc warlord
 22402 | Orc:1    | Gained mutation: Your magical capacity is low. (-10% MP)
                  | [Ru sacrifice]
 22575 | Orc:1    | Reached XP level 14. HP: 133/133 MP: 14/14
 22969 | Orc:2    | Entered Level 2 of the Orcish Mines
 23461 | Orc:2    | Found Qachoilo's General Store.
 23483 | Orc:2    | Bought a wand of acid (11) for 450 gold pieces
 23516 | Orc:2    | Found Inloen's Antique Weapon Shop.
 23609 | Orc:2    | Found a staircase to the Elven Halls.
 23662 | Orc:2    | Noticed an orc warlord
 23825 | Orc:2    | Killed an orc warlord
 24032 | Orc:2    | Found Extij's Antique Armour Boutique.
 24041 | Orc:2    | Gained mutation: You are somewhat unskilled. (-1 Apt) [Ru
                  | sacrifice]
 24041 | Orc:2    | Reduced skill Unarmed Combat to level 16
 24041 | Orc:2    | Reduced skill Spellcasting to level 1
 24041 | Orc:2    | Reached ****** piety under Ru
 24131 | Orc:2    | Found Baicrecs's Jewellery Shoppe.
 24140 | Orc:2    | Bought a +4 ring of protection for 468 gold pieces
 24488 | Orc:2    | Bought an uncursed ring of poison resistance for 300 gold
                  | pieces
 24638 | Spider:1 | Entered Level 1 of the Spider Nest
 24788 | Spider:1 | Reached skill level 1 in Armour
 26112 | Spider:2 | Noticed an emperor scorpion
 26116 | Spider:2 | Noticed an entropy weaver
 26128 | Spider:2 | Killed an emperor scorpion
 26128 | Spider:2 | Reached XP level 15. HP: 137/140 MP: 5/14
 26494 | Spider:3 | Reached skill level 5 in Armour
 26843 | Spider:3 | Got a heavily runed ruby amulet
 26844 | Spider:3 | Identified the amulet "Nychuuno" {Acrobat rElec Str+3
                  | Stlth+} (You found it on level 3 of the Spider Nest)
 26890 | Spider:3 | Noticed Mara
 26899 | Spider:3 | Killed Mara
 27657 | Spider:4 | Entered Level 4 of the Spider Nest
 28393 | Spider:4 | Reached XP level 16. HP: 112/149 MP: 15/15
 28497 | Spider:4 | Reached skill level 17 in Unarmed Combat
 28565 | Spider:4 | Reached skill level 10 in Throwing
 29582 | Spider:4 | Reached skill level 18 in Unarmed Combat
 30032 | Spider:4 | Got a gossamer rune of Zot
 30320 | Swamp:1  | Entered Level 1 of the Swamp
 30321 | Swamp:1  | Noticed a thorn hunter
 30447 | Lair:3   | Killed a thorn hunter
 30479 | Swamp:1  | Noticed a tentacled monstrosity
 30488 | Swamp:1  | Killed a tentacled monstrosity
 30707 | Swamp:1  | Found a shadowy altar of Dithmenos.
 30982 | Swamp:1  | Found a transporter.
 31014 | Swamp:1  | Noticed a thorn hunter
 31255 | Swamp:1  | Found a transporter.
 31268 | Swamp:1  | Killed a thorn hunter
 31577 | Swamp:2  | Reached XP level 17. HP: 156/156 MP: 16/16
 31578 | Swamp:2  | Reached skill level 19 in Unarmed Combat
 32120 | Swamp:3  | Found a shimmering altar of Xom.
 32238 | Swamp:3  | Noticed Kirke
 32261 | Swamp:3  | Noticed Kirke
 32261 | Swamp:3  | Kirke changed into Kirke the hog
 32265 | Swamp:3  | Killed Kirke the hog
 32465 | Swamp:3  | Noticed a tentacled monstrosity
 32487 | Swamp:3  | Killed a tentacled monstrosity
 33101 | Swamp:4  | Entered Level 4 of the Swamp
 34010 | Swamp:4  | Noticed the 27-headed Lernaean hydra
 34024 | Swamp:4  | Killed the 27-headed Lernaean hydra
 34024 | Swamp:4  | Reached skill level 20 in Unarmed Combat
 34198 | Swamp:4  | Noticed Donald
 34208 | Swamp:4  | Killed Donald
 34310 | Swamp:4  | Got a decaying rune of Zot
 35080 | Vaults:1 | Entered Level 1 of the Vaults
 35503 | Vaults:1 | Reached skill level 10 in Dodging
 35510 | Vaults:1 | Reached XP level 18. HP: 156/165 MP: 9/17
 35633 | Vaults:1 | Noticed Aizul
 35637 | Vaults:1 | Killed Aizul
 35836 | Vaults:1 | Found Appatt's Gadget Shoppe.
 35844 | Vaults:1 | Bought a tin of tremorstones (3/3) for 600 gold pieces
 35930 | Vaults:1 | Noticed Nikola
 35991 | Vaults:1 | You fall into a shaft and drop 1 floor!
 36374 | Vaults:2 | Reached skill level 10 in Shields
 36379 | Vaults:2 | Identified the +7 bardiche of Neurosis {vorpal, *Rage Str+3
                  | Dex+3} (You found it on level 2 of the Vaults)
 36506 | Vaults:2 | Found a staircase to the Crypt.
 36506 | Vaults:2 | Found an ancient bone altar of Kikubaaqudgha.
 36507 | Vaults:2 | Found a basalt altar of Yredelemnul.
 36818 | Vaults:1 | Reached skill level 10 in Armour
 36891 | Vaults:1 | Killed Nikola
 37476 | Vaults:2 | Reached skill level 5 in Evocations
 37834 | Vaults:3 | Found Voamm's Food Boutique.
 38696 | Vaults:3 | Reached XP level 19. HP: 149/171 MP: 18/18
 40690 | Vaults:4 | Gained mutation: You are agile. (Dex +2) [a shining eye]
 40829 | Vaults:4 | Found Xaenlyfe's Assorted Antiques.
 41479 | Elf:1    | Entered Level 1 of the Elven Halls
 42562 | Elf:2    | Reached XP level 20. HP: 180/180 MP: 19/19
 42836 | Elf:2    | Found Eosuhent's Eclectic Emporium.
 42842 | Elf:2    | Bought a potion of experience for 1000 gold pieces
 42842 | Elf:2    | Reached XP level 21. HP: 187/187 MP: 20/20
 42871 | Elf:2    | Found Ucey's Jewellery Shop.
 42881 | Elf:2    | Bought the ring of Trepidation {rPois MR+ Str+4} for 820
                  | gold pieces
 42901 | Elf:2    | Paralysed by a floating eye for 2 turns
 42922 | Elf:2    | Found Desian's Antique Armour Shop.
 42924 | Elf:2    | Found Viatzia's Assorted Antiques.
 43000 | Elf:2    | Bought a scroll of fog for 58 gold pieces
 43007 | Elf:2    | Bought an embroidered cloak for 225 gold pieces
 43034 | Elf:2    | Found a runed translucent gate.
 43034 | Elf:2    | Found a runed translucent gate.
 43035 | Elf:2    | Found a runed translucent gate.
 43126 | Elf:2    | Found Mofa Vywk's Food Emporium.
 43266 | Elf:3    | Entered Level 3 of the Elven Halls
 44065 | Elf:3    | Reached skill level 15 in Shields
 44717 | Elf:3    | Identified the quicksilver dragon scales "Pagus" {*Corrode
                  | +Fly MR+ Str+3}
 44982 | Elf:3    | Identified the +9 trident "Enoutt" {protect, rF- Dex+3
                  | SInv}
 45234 | Elf:3    | Reached skill level 10 in Fighting
 45264 | Elf:3    | Identified Doessewk's Collected Works on Evil Magic
 45331 | Elf:3    | Identified the +1 falchion of Hacking and Slashing {vorpal,
                  | rElec rC+}
 45366 | Elf:3    | Acquired a manual of Shields
 45881 | Depths:1 | Entered Level 1 of the Depths
 46045 | Depths:1 | Reached XP level 22. HP: 183/209 MP: 21/21
 46456 | Depths:1 | Found a gateway to Hell.
 47045 | Depths:1 | Identified the ring of Bifo {rF+ rC+ Int+4 Dex+6 Slay-4}
 47984 | Depths:1 | Identified the Volume of Transformation
 48587 | Depths:2 | Noticed a golden dragon
 48615 | Depths:2 | Killed a golden dragon
 48695 | Depths:2 | Cast into level 4 of the Abyss (a lich)
 48973 | Depths:2 | Escaped the Abyss
 48997 | Depths:2 | Cast into level 4 of the Abyss (a lich)
 49122 | Abyss:4  | Found a corrupted altar of Lugonu.
 49336 | Abyss:4  | Reached XP level 23. HP: 192/224 MP: 22/22
 49338 | Depths:2 | Escaped the Abyss
 49436 | Depths:2 | Found the +8 mithril axe "Arga" {speed, MR+}
 49944 | Depths:2 | Found a gateway to a ziggurat.
 50280 | Depths:2 | Identified the Handbook of Assistive Shape Shifting
 50577 | Depths:2 | Found a one-way gate leading to the halls of Pandemonium.
 50680 | Depths:3 | Found Galua's Antique Weapon Shop.
 50854 | Depths:3 | Identified the +9 halberd "Vovos" {vamp, MR+ Str+3 Dex-3}
 50861 | Depths:3 | Noticed a caustic shrike
 50866 | Depths:3 | Killed a caustic shrike
 51033 | Depths:3 | Identified the +7 dagger of the Wizarding Salmon {venom,
                  | +Rage +Inv Dex-4}
 51331 | Depths:3 | Found a sparkling altar of Nemelex Xobeh.
 51331 | Depths:3 | Found a radiant altar of Vehumet.
 51333 | Depths:3 | Found a hide-covered altar of Uskayaw.
 51333 | Depths:3 | Found a shadowy altar of Dithmenos.
 52152 | Depths:4 | Found a one-way gate to the infinite horrors of the Abyss.
 52213 | Depths:4 | Found Geatis's Jewellery Shop.
 52238 | Depths:4 | Paralysed by a great orb of eyes for 3 turns
 52533 | Depths:4 | Reached XP level 24. HP: 240/240 MP: 22/22
 52745 | Depths:4 | Identified the +10 halberd of Pohokoubb {vorpal, rElec
                  | Dex+7}
 52921 | Depths:4 | Found Vinloar's Magic Scroll Shoppe.
 52966 | Depths:4 | Bought a scroll of magic mapping for 52 gold pieces
 52966 | Depths:4 | Bought a scroll of enchant armour for 112 gold pieces
 52966 | Depths:4 | Bought a scroll of fog for 30 gold pieces
 53008 | Depths:4 | Found Tuquke's Assorted Antiques.
 53014 | Depths:4 | Bought a potion of haste for 450 gold pieces
 53485 | Depths:4 | Found Heth's Assorted Antiques.
 53485 | Depths:4 | Found Nyuggag's Distillery.
 53578 | Depths:4 | Bought a potion of resistance for 120 gold pieces
 53578 | Depths:4 | Bought a potion of heal wounds for 60 gold pieces
 53578 | Depths:4 | Bought a potion of heal wounds for 60 gold pieces
 53578 | Depths:4 | Bought a potion of heal wounds for 60 gold pieces
 53578 | Depths:4 | Bought a potion of curing for 36 gold pieces
 53578 | Depths:4 | Bought a potion of invisibility for 96 gold pieces
 53578 | Depths:4 | Bought a potion of cancellation for 96 gold pieces
 53578 | Depths:4 | Bought a potion of magic for 96 gold pieces
 54032 | Vaults:4 | Bought a scroll of enchant armour for 315 gold pieces
 54428 | Elf:2    | Bought a scroll of enchant armour for 150 gold pieces
 55106 | Depths:5 | Entered Level 5 of the Depths
 55164 | Depths:5 | Found a glowing golden altar of the Shining One.
 55399 | Depths:5 | Reached skill level 15 in Fighting
 55983 | Depths:5 | Noticed a juggernaut
 55993 | Depths:5 | Killed a juggernaut
 56364 | Depths:5 | Found a gate to the Realm of Zot.
 57037 | D:6      | Killed sanka's ghost
 57363 | Vaults:5 | Entered Level 5 of the Vaults
 57414 | Vaults:5 | Reached skill level 15 in Armour
 57443 | Vaults:5 | Reached XP level 25. HP: 132/252 MP: 17/22
 57659 | Vaults:5 | Identified the +9 short sword of the New World {holy,
                  | +Blink rElec Dex+4}
 57669 | Vaults:5 | Identified the cursed +1 hand crossbow "Pefum" {freeze,
                  | +Fly rC- SInv}
 58069 | Vaults:5 | Identified the ring "Atron" {MP+9 Int+2 Dex+3 Stlth+}
 58624 | Vaults:5 | Found Tengawafea's Weapon Shoppe.
 59252 | Vaults:5 | Identified the +5 whip of Geixodyu {vorpal, Fragile rN+++
                  | MR- Dex+8}
 59259 | Vaults:5 | Identified the +5 plate armour of the Fiend {rF++ Int-3
                  | Stlth+}
 59452 | Vaults:5 | Got a silver rune of Zot
 59838 | Zot:1    | Entered Level 1 of the Realm of Zot
 60511 | Zot:1    | You fall into a shaft and drop 1 floor!
 63533 | Zot:5    | Entered Level 5 of the Realm of Zot
 63609 | Zot:5    | Reached skill level 15 in Throwing
 64150 | Zot:5    | Noticed a Killer Klown
 64187 | Zot:5    | Killed a Killer Klown
 64278 | Zot:5    | Noticed an orb of fire
 64302 | Zot:5    | Gained mutation: You are frail. (-10% HP) [an orb of fire]
 64307 | Zot:5    | Killed an orb of fire
 64307 | Zot:5    | Noticed an orb of fire
 64314 | Zot:5    | Noticed an ancient lich
 64318 | Zot:5    | Gained mutation: You tend to lose your temper in combat.
                  | [an orb of fire]
 64320 | Zot:5    | Killed an orb of fire
 64326 | Zot:5    | Killed an ancient lich
 64334 | Zot:5    | Reached skill level 21 in Unarmed Combat
 65512 | Depths:4 | Bought a scroll of teleportation for 141 gold pieces
 65512 | Depths:4 | Bought a potion of mutation for 376 gold pieces
 65512 | Depths:4 | Bought a potion of curing for 141 gold pieces
 65512 | Depths:4 | Bought a potion of curing for 141 gold pieces
 65512 | Depths:4 | Bought a wand of digging (7) for 376 gold pieces
 65512 | Depths:4 | Lost mutation: You are frail. (-10% HP) [potion of
                  | mutation]
 65512 | Depths:4 | Lost mutation: You are agile. (Dex +2) [potion of mutation]
 65512 | Depths:4 | Lost mutation: You tend to lose your temper in combat.
                  | [potion of mutation]
 65512 | Depths:4 | Gained mutation: You are frail. (-10% HP) [potion of
                  | mutation]
 65512 | Depths:4 | Gained mutation: You have a pair of small antennae on your
                  | head. [potion of mutation]
 65512 | Depths:4 | Gained mutation: You are dopey. (Int -2) [potion of
                  | mutation]
 65512 | Depths:4 | Gained mutation: You are partially covered in molten
                  | scales. (AC +2) [potion of mutation]
 65513 | Depths:4 | Lost mutation: You are frail. (-10% HP) [potion of
                  | mutation]
 65513 | Depths:4 | Lost mutation: You are dopey. (Int -2) [potion of mutation]
 65513 | Depths:4 | Lost mutation: You have a pair of small antennae on your
                  | head. [potion of mutation]
 65513 | Depths:4 | Gained mutation: You tend to lose your temper in combat.
                  | [potion of mutation]
 65513 | Depths:4 | Gained mutation: You have a pair of small horns on your
                  | head. [potion of mutation]
 65513 | Depths:4 | Gained mutation: You have large cloven feet. [potion of
                  | mutation]
 65513 | Depths:4 | Gained mutation: You expend magic power (3 MP) to
                  | strengthen your wands. [potion of mutation]
 65514 | Depths:4 | Lost mutation: You tend to lose your temper in combat.
                  | [potion of mutation]
 65514 | Depths:4 | Gained mutation: Potions are less effective at restoring
                  | your health. [potion of mutation]
 65514 | Depths:4 | Gained mutation: You are covered in thick fur. (AC +2)
                  | [potion of mutation]
 65514 | Depths:4 | Gained mutation: You tend to lose your temper in combat.
                  | [potion of mutation]
 65514 | Depths:4 | Gained mutation: Your mind is acute. (Int +2) [potion of
                  | mutation]
 65515 | Depths:4 | Lost mutation: You have large cloven feet. [potion of
                  | mutation]
 65515 | Depths:4 | Lost mutation: You have a pair of small horns on your head.
                  | [potion of mutation]
 65515 | Depths:4 | Gained mutation: You are agile. (Dex +2) [potion of
                  | mutation]
 65515 | Depths:4 | Gained mutation: You have a pair of small horns on your
                  | head. [potion of mutation]
 65515 | Depths:4 | Gained mutation: Your magical capacity is very low. (-20%
                  | MP) [potion of mutation]
 65515 | Depths:4 | Gained mutation: You are partially covered in rugged brown
                  | scales. (AC +1, +3% HP) [potion of mutation]
 65516 | Depths:4 | Lost mutation: Potions are less effective at restoring your
                  | health. [potion of mutation]
 65516 | Depths:4 | Lost mutation: Your magical capacity is very low. (-20% MP)
                  | [potion of mutation]
 65516 | Depths:4 | Lost mutation: You are partially covered in rugged brown
                  | scales. (AC +1, +3% HP) [potion of mutation]
 65516 | Depths:4 | Lost mutation: You expend magic power (3 MP) to strengthen
                  | your wands. [potion of mutation]
 65516 | Depths:4 | Gained mutation: Your spells are a little easier to cast,
                  | but a little less powerful. [potion of mutation]
 65516 | Depths:4 | Gained mutation: Your body sometimes deteriorates upon
                  | taking damage. [potion of mutation]
 65516 | Depths:4 | Gained mutation: You have a pair of horns on your head.
                  | [potion of mutation]
 65517 | Depths:4 | Lost mutation: Your spells are a little easier to cast, but
                  | a little less powerful. [potion of mutation]
 65517 | Depths:4 | Lost mutation: You are agile. (Dex +2) [potion of mutation]
 65517 | Depths:4 | Lost mutation: You tend to lose your temper in combat.
                  | [potion of mutation]
 65517 | Depths:4 | Gained mutation: You have very sharp teeth. [potion of
                  | mutation]
 65517 | Depths:4 | Gained mutation: You are somewhat resistant to further
                  | mutation. [potion of mutation]
 65927 | Zot:5    | Noticed a Killer Klown
 65933 | Zot:5    | Noticed an ancient lich
 65947 | Zot:5    | Killed a Killer Klown
 65950 | Zot:5    | Killed an ancient lich
 65958 | Zot:5    | Noticed an ancient lich
 65965 | Zot:5    | Noticed an orb of fire
 65977 | Zot:5    | Killed an orb of fire
 65985 | Zot:5    | Reached skill level 22 in Unarmed Combat
 65992 | Zot:5    | Killed an ancient lich
 66039 | Zot:5    | Noticed a Killer Klown
 66056 | Zot:5    | Noticed an orb of fire
 66065 | Zot:5    | Killed a Killer Klown
 66069 | Zot:5    | Killed an orb of fire
 66154 | Zot:5    | Noticed an orb of fire
 66167 | Zot:5    | Killed an orb of fire
 66169 | Zot:5    | Noticed an ancient lich
 66169 | Zot:5    | Noticed an orb of fire
 66195 | Zot:5    | Killed an ancient lich
 66267 | Zot:5    | Killed an orb of fire
 66505 | Zot:5    | Noticed a Killer Klown
 66520 | Zot:5    | Killed a Killer Klown
 66520 | Zot:5    | Reached skill level 23 in Unarmed Combat
 66869 | Zot:5    | Got the Orb of Zot
 66981 | Depths:5 | Noticed Ojoaz the pandemonium lord
 66987 | Depths:5 | Killed Ojoaz the pandemonium lord
 67066 | Depths:1 | Noticed Fokiuck the pandemonium lord
 67288 | D:4      | Noticed a seraph
 67288 | D:4      | Identified the +1 tower shield of the Countless Demons
                  | {rPois rF+ rN+ Stlth-}
 67307 | D:4      | Killed a seraph
 67513 | D:$      | Escaped with the Orb!
